 Dungeon Crawl Stone Soup version 0.23-a0-639-ga9a3373214 (webtiles) character file.

111 HereIgoKillingAgain the Chopper (level 4, -9/39 HPs)
             Began as a Hill Orc Fighter on Dec 29, 2018.
             Mangled by an ogre
             ... wielding a +0 giant club
              (24 damage)
             ... on level 4 of the Dungeon.
             The game lasted 00:02:26 (3047 turns).

HereIgoKillingAgain the Chopper (Hill Orc Fighter)  Turns: 3047, Time: 00:02:26

Health: -9/39      AC:  6    Str: 18    XL:     4   Next: 92%
Magic:  4/4        EV:  7    Int:  9    God:
Gold:   167        SH:  9    Dex: 10    Spells: 3/3 levels left

rFire    . . .     SeeInvis +   a - +0 war axe
rCold    . . .     Gourm    .   c - +0 shield
rNeg     . . .     Faith    .   b - +0 scale mail
rPois    .         Spirit   .   (no helmet)
rElec    .         Reflect  .   (no cloak)
rCorr    .         Harm     .   (no gloves)
MR       .....                  (no boots)
Stlth    ..........             (no amulet)
HPRegen  0.13/turn              i - ring of see invisible
MPRegen  0.09/turn              q - ring of wizardry

@: no status effects
A: no striking features
a: no special abilities


You were on level 4 of the Dungeon.
You were hungry.

You visited 1 branch of the dungeon, and saw 4 of its levels.

You collected 167 gold pieces.

Inventory:

Hand Weapons
 a - a +0 war axe (weapon)
Armour
 b - a +0 scale mail (worn)
 c - a +0 shield (worn)
Jewellery
 i - a ring of see invisible (left hand)
 q - a ring of wizardry (right hand)
Wands
 j - a wand of enslavement (3)
 n - a wand of disintegration (13)
Scrolls
 e - 3 scrolls of remove curse {unknown}
 h - a scroll of identify
 o - a scroll of noise {unknown}
 p - a scroll of teleportation {unknown}
Potions
 d - a potion of might
 g - a potion of curing {unknown}
 k - a potion of brilliance
 l - a potion of mutation {unknown}
 m - a potion of cancellation {unknown}
Comestibles
 f - 6 rations


   Skills:
 - Level 3.6 Fighting
 + Level 6.5 Axes
 - Level 3.2 Armour
 - Level 3.2 Shields


You had 3 spell levels left.
You didn't know any spells.
Your spell library was empty.

Dungeon Overview and Level Annotations

Branches:
Dungeon (4/15)
 Temple: D:4-7

Altars:
Cheibriados
Okawaru
Trog
Xom
Zin


Message History

Aiming: Enslavement
Press: ? - help, Shift-Dir - straight line, f/p - ogre
Aim: an ogre, wielding a +0 giant club (lightly wounded, chance to defeat MR: The ogre is charmed.
What are your orders? t - Shout!
Orders for allies: a - Attack new target. p - Attack previous target. r - Retreat! s - Stop attacking. g - Guard the area. f - Follow me.
Anything else - Cancel.
Retreat in which direction?
Press: ? - help, Dir - move target cursor, p - ogre Fall back!
You see here a frilled lizard corpse.
There is a stone staircase leading down here.
You start resting.
The ogre is no longer charmed.
The ogre hits you with a +0 giant club!!
Ouch! That really hurt!
You die...

.....#.....†...# .#
.....##.####.#.##.#
.....##.# #.......#
.....##.# #.......#
..#####.###.......#
..#####O#.........#
...O....#.#......##
..#######.##...O.#
..#.......##.##.@#
###.########.###.#
.....####.##.# #.#
..........##.# ...
.....####.# ....
.....# #.# ......
###### #.# ......#
#.# #......#
#####.#


You could see an ogre.

Vanquished Creatures
  4 adders
  A gnoll (D:1)
  2 worms
  A dart slug (D:1)
  2 leopard geckos
  3 orcs (D:3)
  7 bats (D:1)
  11 hobgoblins
  2 ball pythons (D:4)
  5 frilled lizards
  6 goblins
  5 kobolds
  6 rats
55 creatures vanquished.

Vanquished Creatures (others)
  An ogre (D:4)
1 creature vanquished.

Grand Total: 56 creatures vanquished

Notes
Turn   | Place    | Note
-------+----------+-------------------------------------------
     0 | D:1      | HereIgoKillingAgain the Hill Orc Fighter began the quest
                  | for the Orb.
     0 | D:1      | Reached XP level 1. HP: 19/19 MP: 1/1
    50 | D:1      | Reached skill level 3 in Axes
   167 | D:1      | Reached XP level 2. HP: 9/26 MP: 2/2
   201 | D:1      | Reached skill level 4 in Axes
   705 | D:1      | Reached XP level 3. HP: 29/31 MP: 3/3
  1161 | D:1      | Reached skill level 5 in Axes
  1430 | D:2      | Reached XP level 4. HP: 39/39 MP: 4/4
  1627 | D:2      | Reached skill level 6 in Axes
  1812 | D:3      | Found a snail-covered altar of Cheibriados.
  2674 | D:3      | Found a glowing silver altar of Zin.
  2714 | D:3      | Found a shimmering altar of Xom.
  2715 | D:3      | Found a shimmering altar of Xom.
  2748 | D:3      | Found a shimmering altar of Xom.
  2830 | D:3      | Found a bloodstained altar of Trog.
  2830 | D:3      | Found an iron altar of Okawaru.
  2977 | D:4      | Noticed an ogre
  2979 | D:4      | Noticed an ogre
  3047 | D:4      | Mangled by an ogre

Vault maps used:
D:1:      shiori_angband_town, minmay_misc_feat_square, interstate_on_off
D:3:      cheibriados_altar_1, gammafunk_temple_overflow_pools, zin_statuary,
          first_ration, xom_redecorated
D:4:      minmay_thinvault, grunt_temple_overflow_growth_and_decay

Skill      XL: |  1  2  3  4 |
---------------+-------------+-----
Axes           | 3 4 5 6 |  6.5
Fighting       | |  3.6
Armour         | |  3.2
Shields        | |  3.2

Action                   |  1- 3 |  4- 6 || total
-------------------------+-------+-------++-------
Melee: War axe           |   132 |    67 ||   199
Evoke: Wand              |       |     6 ||     6
  Use: Scroll            |       |     1 ||     1
  Eat: Chunk             |     2 |     1 ||     3
       Ration            |       |     1 ||     1
Armor: Scale mail        |    59 |    33 ||    92
Dodge: Dodged            |    35 |    14 ||    49
Block: Shield            |    59 |    22 ||    81

Table legend:
 A = Non-vault XP
 B = Vault XP
 C = Vault XP percentage of total XP
 D = Non-vault monster count
 E = Vault monster count
 F = Vault count percentage of total count
                 A         B        C        D         E       F
            +---------+---------+-------+---------+---------+-------
      Total |     159 |       0 |   0.0 |      55 |       0 |   0.0
            +---------+---------+-------+---------+---------+-------
        D:1 |      52 |       0 |   0.0 |      27 |       0 |   0.0
        D:2 |      62 |       0 |   0.0 |      12 |       0 |   0.0
        D:3 |      41 |       0 |   0.0 |      13 |       0 |   0.0
        D:4 |       4 |       0 |   0.0 |       3 |       0 |   0.0
            +---------+---------+-------+---------+---------+-------
